 Dungeon Crawl Stone Soup version 0.28-a0-1395-g4f6bc678fa (webtiles) character file.

Game seed: 2346514386616283901

74 bande the Skirmisher (level 4, 0/29 HPs)
             Began as a Gargoyle Fighter on Jan 5, 2022.
             Slain by an orc (6 damage)
             ... on level 3 of the Dungeon.
             The game lasted 00:04:35 (2473 turns).

bande the Skirmisher (Gargoyle Fighter)             Turns: 2473, Time: 00:04:36

Health: 0/29       AC: 16    Str: 20    XL:     4   Next: 28%
Magic:  4/4        EV: 10    Int:  8    God:
Gold:   94         SH:  4    Dex: 11    Spells: 3/3 levels left

rFire   . . .      SeeInvis .   a - +0 war axe (vamp)
rCold   . . .      Faith    .   c - +0 buckler
rNeg    + . .      Spirit   .   g - quicksilver dragon scales
rPois   ∞          Reflect  .   k - +0 helmet
rElec   +          Harm     .   i - +0 cloak
rCorr   .          Rampage  .   (no gloves)
Will    +....                   (no boots)
Stlth   +.........              (no amulet)
HPRegen 0.09/turn               (no ring)
MPRegen 0.09/turn               (no ring)

@: no status effects
A: sickness immunity, AC +3, negative energy resistance 1, electricity
resistance, torment resistance 1, petrification resistance
a: no special abilities


You were on level 3 of the Dungeon.
You visited 1 branch of the dungeon, and saw 3 of its levels.

You collected 94 gold pieces.

Inventory:

Hand Weapons
 a - a +0 vampiric war axe (weapon)
 m - a +0 flail
Armour
 c - a +0 buckler (worn)
 g - quicksilver dragon scales (worn)
 i - a +0 cloak (worn)
 k - a +0 helmet (worn)
Jewellery
 h - a ring of fire
Wands
 l - a wand of iceblast (8)
Scrolls
 b - 2 scrolls of identify
 n - a scroll of amnesia
Potions
 d - a potion of might
 e - a potion of heal wounds
 f - a potion of invisibility


   Skills:
 + Level 3.9 Fighting
 + Level 2.9 Axes
 + Level 3.9 Armour
 + Level 3.5 Shields


You had 3 spell levels left.
You didn't know any spells.
Your spell library contained the following spells:

 Spells                   Type           Power      Damage    Failure   Level
 Dazzling Flash           Conj/Hex       0%         N/A       92%         3
 Iskenderun's Mystic Bla  Conj/Tloc      0%         2d3       100%        4
 Starburst                Conj/Fire      0%         6d3       100%        6


Dungeon Overview and Level Annotations

Branches:
Dungeon (3/15)

Altars:

Shops:
D:2 *([*

Annotations:
D:3 2 transporters, rogsnak's ghost, amateur DsAE


Innate Abilities, Weirdness & Mutations

You are immune to sickness and miasma.
Your stone body is resilient. (AC +3)
You are immune to poison.
You resist negative energy. (rN+)
You are resistant to electric shocks. (rElec)
You are resistant to unholy torment.
You are immune to petrification.


Message History

The adder closely misses you.
A gnoll comes into view. It is wielding a +0 flail.
You hear a shout!
You hit the adder.
The adder is moderately wounded.
You hit the orc but do no damage. You closely miss the orc.
The adder closely misses you. The orc hits you but does no damage.
The adder closely misses you.
You barely miss the adder.
The adder is moderately wounded.
You barely miss the orc. You closely miss the orc. You barely miss the orc.
You slash something! The orc hits you but does no damage.
The gnoll barely misses you. You block the adder's attack.
The orc hits you with a +0 war axe. The orc hits you but does no damage.
Something hits you but does no damage. The orc hits you but does no damage.
The gnoll barely misses you.
A gnoll comes into view. It is wielding a +0 club.
The adder bites you but does no damage.
You closely miss the orc. You barely miss something. You miss the adder.
You barely miss the orc. You hit the orc. You block the orc's attack.
The orc hits you but does no damage. Something hits you but does no damage.
The adder bites you but does no damage. You block the orc's attack.
The gnoll hits you from afar with a +0 spear.
The orc hits you but does no damage. The orc closely misses you.
You hear some strange, mumbled words.
A puff of flame appears from out of thin air!
The puff of flame hits you!
You hit the orc but do no damage. You barely miss the orc. x2
You closely miss the adder. You hit something but do no damage.
The adder bites you but does no damage. The orc hits you but does no damage.
The gnoll barely misses you. The orc hits you with a +0 war axe.
The orc hits you but does no damage.
You hear some strange, mumbled words.
A magic dart appears from out of thin air!
The magic dart hits you but does no damage.
You block the adder's attack. The gnoll hits you with a +0 flail.
The gnoll hits you from afar with a +0 spear.
* * * LOW HITPOINT WARNING * * *
The orc hits you with a +0 flail.
You die...

# #...##.#.#..##.# ##.
+...+..#.##+##..
+..##...####.#..<..#
##......# #.#.....+ .
.g#....# #.#.....# ...
#.#....####.###+#..
....##g#.......#.# #...#
#.....{og###...#.####...
#....oS@.###...#'#......
#.....oo.#.........##..#
#.......##......)..##..#
#.......##.........##...
#.......##.........##..#
#.......##.....÷...###>#
#.......##.........# ###
#.......##.........#
#.........#


You could see 3 gnolls, an adder and 4 orcs.

Vanquished Creatures
  3 adders
  A worm (D:2)
  A dart slug (D:2)
  An orc (D:3)
  4 endoplasms
  3 giant cockroaches
  2 goblins
  3 hobgoblins
  4 jackals (D:2)
  A quokka (D:2)
  5 ball pythons
  A bat (D:3)
  4 frilled lizards
  4 kobolds
  4 rats
41 creatures vanquished.

Notes
Turn   | Place    | Note
-------+----------+-------------------------------------------
     0 | D:1      | bande the Gargoyle Fighter began the quest for the Orb.
     0 | D:1      | Reached XP level 1. HP: 14/14 MP: 1/1
   752 | D:1      | Reached XP level 2. HP: 19/19 MP: 2/2
   909 | D:2      | Found Tinoggia's Weapon Shop.
   958 | D:2      | Found Poakec's Antique Armour Shop.
  1224 | D:2      | Reached XP level 3. HP: 23/23 MP: 3/3
  1353 | D:2      | Identified the +6 rapier of the Hand {antimagic, rC+ Dex+3
                  | Stlth-}
  1354 | D:2      | Found Wafip's General Store.
  1602 | D:2      | Found a faded altar of an unknown god.
  1704 | D:2      | Found Wackofocyu's Assorted Antiques.
  2020 | D:3      | Found a transporter.
  2022 | D:3      | Noticed rogsnak's ghost (amateur DsAE)
  2025 | D:3      | Found a transporter.
  2127 | D:3      | Reached XP level 4. HP: 29/29 MP: 4/4
  2473 | D:3      | Slain by an orc

Illustrated notes

Levels and vault maps discovered:
D:1:      dpeg_arrival_round_b, layout_loops_ring,
          hangedman_decor_clover_reticule, minivault_25
D:2:      layout_basic, ebering_ecumenical_altar_box, serial_shops,
          nicolae_shop_hallway_stairs, nicolae_shop_hallway_plus, shop_statue,
          shop_fountains
D:3:      layout_basic, gammafunk_ghost_mausoleum

Skill      XL: |  1  2 |
---------------+-------+-----
Axes           | 2 |  2.9
Fighting       | |  3.9
Armour         | |  3.9
Shields        | |  3.5

Action                   |  1- 3 |  4- 6 || total
-------------------------+-------+-------++-------
Melee: War axe           |    95 |    19 ||   114
  Use: Scroll            |     7 |     1 ||     8
Armor: Quicksilver drago |    58 |    21 ||    79
Dodge: Dodged            |    64 |    10 ||    74
Block: Buckler           |    14 |     8 ||    22

Table legend: (Time is in decaauts)
 A = Elapsed time spent in this place.
 B = Non-inter-level travel time spent in this place.
 C = Inter-level travel time spent in this place.
 D = Time resting spent in this place.
 E = Time spent auto-exploring this place.
 F = Levels seen in this place.
 G = Mean time per level.
                   A        B        C        D        E       F      G
               +--------+--------+--------+--------+--------+-----+--------+
         Total |   2518 |   2469 |     49 |    347 |   1714 |   3 |  839.3 |
       Dungeon |   2518 |   2469 |     49 |    347 |   1714 |   3 |  839.3 |
               +--------+--------+--------+--------+--------+-----+--------+

Top non-repeatable levels by time:
     D:2: 1159 daAuts
     D:1: 820 daAuts
     D:3: 539 daAuts
